Map: 16 bits EC

Players

HoldTheDoor - Winner!

  • Race: Protoss Protoss
  • League: Diamond
  • Spawn Location: 7:00

OliFour

  • Race: Zerg Zerg
  • League: Diamond
  • Spawn Location: 1:00

VOD

Have the link to the VOD?

Description

Time

  • Played on: July 7, 2018, 9:02 a.m.
  • Length: 8:37
Show
View Real Time Build Order
Export as new Build Order

HoldTheDoor Protoss - Winner!

Build Orders: 1 Gate Expand 

Get SALT Encoding   

  12  0:00  Probe  
  13  0:12  Probe  
  14  0:19  Pylon  
  14  0:24  Probe  
  15  0:37  Probe  
  16  0:42  Gateway  
  16  0:47  Probe  
  17  0:53  Assimilator  
  17  0:55  Probe  
  17  1:04  Probe  
  19  1:27  Nexus  
  19  1:39  Cybernetics Core  
  19  1:42  Probe  
  19  1:46  Assimilator  
  20  1:54  Probe  
  20  1:59  Pylon  
  21  2:06  Probe  
  22  2:17  Adept  
  22  2:18  Warp Gate, Probe  
  25  2:30  Probe  
  26  2:42  Probe  
  27  2:45  Twilight Council  
  27  2:50  Sentry  
  29  2:54  Probe  
  29  2:55  Probe  
  31  3:03  Pylon  
  31  3:06  Gateway  
  31  3:07  Probe x2  
  31  3:11  Pylon  
  33  3:19  Probe, Adept  
  36  3:21  Probe  
  37  3:29  Resonating Glaives  
  37  3:34  Probe  
  37  3:37  Pylon  
  38  3:42  Probe  
  39  3:48  Probe, Gateway  
  39  3:54  Robotics Facility  
  40  4:01  Probe x2  
  42  4:04  Pylon  
  42  4:16  Gateway  
  42  4:20  Pylon  
  42  4:25  Pylon  
  42  4:26  Probe x2  
  42  4:29  Sentry x2  
  48  4:38  Warp Prism  
  48  4:44  Adept  
  50  4:52  Adept x2  
  54  4:58  Gateway  
  56  5:00  Gateway  
  56  5:01  Gateway  
  56  5:08  Adept  
  56  5:09  Gateway  
  56  5:13  Adept  
  56  5:14  Adept  
  62  5:16  Immortal  
  66  5:28  Adept  
  66  5:30  Adept  
  70  5:36  Adept x2  
  74  5:51  Adept x2  
  74  5:53  Adept  
  80  5:58  Immortal  
  80  6:03  Adept x2  
  88  6:05  Adept  
  90  6:25  Adept x2  
  94  6:37  Pylon  
  94  6:39  Pylon  
  94  6:40  Pylon  
  94  6:43  Pylon  
  94  6:44  Pylon  
  94  6:56  Pylon  
  94  6:58  Pylon  
  94  7:06  Adept  
  94  7:07  Adept x6  
  94  7:08  Adept  
  110  7:16  Pylon  
  110  7:26  Pylon  
  110  7:27  Pylon  
  110  7:29  Pylon  
  110  7:30  Pylon  
  102  7:40  Adept x3  
  102  7:41  Adept x3  
  100  8:05  Adept x3  
  100  8:06  Adept x4  
  100  8:07  Adept  
  114  8:29  Adept x4  
  114  8:30  Adept x2  
  114  8:31  Adept  
Show
View Real Time Build Order
Export as new Build Order

OliFour Zerg 

Build Orders: Hatch First 

Get SALT Encoding   

  12  0:02  Drone  
  13  0:08  Drone  
  14  0:17  Overlord  
  14  0:36  Drone  
  15  0:47  Hatchery  
  14  0:51  Drone  
  14  0:55  Drone  
  16  0:59  Drone  
  17  1:08  Drone  
  18  1:21  Spawning Pool  
  18  1:23  Drone  
  18  1:30  Overlord  
  18  1:38  Drone  
  19  1:56  Hatchery  
  19  1:57  Drone  
  19  1:59  Drone  
  20  2:06  Drone  
  21  2:10  Drone  
  21  2:13  Drone  
  23  2:18  Queen  
  23  2:22  Drone  
  26  2:24  Drone  
  27  2:31  Queen  
  27  2:34  Drone  
  27  2:36  Drone  
  31  2:39  Drone  
  31  2:43  Drone  
  33  2:49  Drone  
  34  2:54  Drone  
  35  3:00  Drone  
  35  3:05  Overlord  
  36  3:07  Queen  
  36  3:09  Overlord  
  36  3:12  Queen  
  40  3:15  Extractor  
  40  3:18  Drone  
  40  3:20  Drone  
  40  3:22  Drone  
  40  3:23  Drone  
  40  3:26  Drone  
  44  3:30  Drone x4  
  48  3:37  Drone x2  
  50  3:41  Drone  
  51  3:49  Drone  
  51  3:50  Drone, Spore Crawler  
  51  3:52  Drone x4  
  56  3:57  Drone  
  56  4:01  Spore Crawler  
  56  4:03  Drone  
  56  4:05  Extractor  
  56  4:06  Drone x2  
  56  4:08  Overlord  
  58  4:10  Overlord  
  58  4:13  Extractor, Drone  
  58  4:23  Extractor, Drone  
  58  4:24  Overlord  
  58  4:27  Overlord  
  58  4:29  Drone x2  
  60  4:34  Drone x4  
  60  4:35  Drone x2  
  66  4:38  Drone, Spore Crawler  
  66  4:44  Drone  
  66  4:45  Drone  
  68  4:47  Lair  
  68  4:56  Drone x3  
  68  4:57  Drone x2  
  73  5:11  Roach Warren  
  72  5:15  Evolution Chamber, Drone x2  
  73  5:28  Drone x3  
  76  5:29  Drone x2, Spore Crawler  
  77  5:39  Spine Crawler  
  77  5:40  Spine Crawler x2  
  77  5:42  Spine Crawler  
  73  5:47  Drone x2  
  73  5:48  Spine Crawler  
  74  5:52  Evolution Chamber  
  74  5:53  Drone  
  74  5:54  Glial Reconstitution  
  74  5:56  Zerg Melee Weapons Level 1, Evolution Chamber  
  73  5:59  Metabolic Boost  
  73  6:03  Extractor  
  72  6:04  Extractor  
  72  6:08  Drone  
  72  6:09  Drone x2  
  72  6:10  Drone x3  
  77  6:15  Overlord x2  
  77  6:16  Roach, Hatchery  
  77  6:17  Roach x6  
  90  6:26  Hatchery  
  90  6:30  Overlord x2  
  90  6:31  Zergling x2  
  90  6:42  Overlord x2  
  90  6:50  Hydralisk Den  
  89  6:59  Overlord x2  
  89  7:00  Roach x3  
  95  7:05  Drone  
  96  7:15  Overlord x3  
  96  7:19  Hydralisk x2, Grooved Spines  
  96  7:20  Hydralisk x6  
  112  7:32  Zergling x2  
  112  7:33  Zergling x12  
  100  7:48  Zergling x14  
  100  7:57  Hydralisk x2  
  100  7:58  Hydralisk x6  
  87  8:02  Hydralisk x3  
  93  8:10  Roach  
  93  8:12  Hydralisk x2  
Tags
 
Add a new tag
Caveats
  • Supply blocks, unpowered buildings, or Contaminate may cause inaccurate times.
  • Supply counts are checked every 10 seconds.